 Dungeon Crawl Stone Soup version 0.29-a0-364-g921d912d32 (webtiles) character file.

Game seed: 2487187966663082449

1659 ptdevnull the Skirmisher (level 9, -2/67 HPs)
             Began as a Djinni Hedge Wizard on Apr 30, 2022.
             Was an Initiate of Makhleb.
             Slain by a wyvern (7 damage)
             ... on level 6 of the Dungeon.
             The game lasted 00:27:14 (8243 turns).

ptdevnull the Skirmisher (Djinni Hedge Wizard)      Turns: 8243, Time: 00:27:14

Health: -2/67      AC:  3    Str:  9    XL:     9   Next: 20%
Gold:   245        EV: 14    Int: 19    God:    Makhleb [......] SH:  0 Dex: 14

rFire   + + .      SeeInvis .   a - +8 rapier of Wealth {elec, Will+}
rCold   x . .      Faith    .   (no shield)
rNeg    . . .      Spirit   .   b - +0 robe
rPois   ∞          Reflect  .   c - +0 hat
rElec   .          Harm     .   t - +0 cloak
rCorr   .          Rampage  .   (no gloves)
Will    +....                   (boots unavailable)
Stlth   ++........              (no amulet)
HPRegen 0.21/turn               (no ring)
MPRegen 0.00/turn               (no ring)

@: on blink cooldown, flying
A: sickness immunity, fire resistance 2, cold vulnerability 1, float, innate
caster, HP casting, extra vitality 1
a: Renounce Religion


You were on level 6 of the Dungeon.
You worshipped Makhleb.
Makhleb was noncommittal.
You visited 2 branches of the dungeon, and saw 8 of its levels.

You collected 245 gold pieces.

Inventory:

Hand Weapons
 a - the +8 rapier of Wealth (weapon) {elec, Will+}
   (You found it on level 6 of the Dungeon)

   It occasionally discharges a powerful burst of electricity upon striking a
   foe.
   Will:      It increases your willpower.
 B - a +0 dagger
Missiles
 d - a throwing net
 l - 192 stones
Armour
 b - a +0 robe (worn)
 c - a +0 hat (worn)
 t - a +0 cloak (worn)
Jewellery
 s - a ring of fire
Wands
 x - a wand of digging (7)
 D - a wand of flame (16)
Scrolls
 e - 2 scrolls of noise
 g - a scroll of holy word
 j - 6 scrolls of identify
 k - 2 scrolls of immolation {unknown}
 n - 2 scrolls of amnesia {unknown}
 p - 3 scrolls of blinking {unknown}
 q - a scroll of summoning {unknown}
 r - 3 scrolls of enchant weapon {unknown}
 u - a scroll of fear {unknown}
 w - a scroll of enchant armour {unknown}
 y - a scroll of magic mapping {unknown}
 A - a scroll of fog {unknown}
 C - a scroll of acquirement {unknown}
Potions
 f - a potion of experience {unknown}
 h - 2 potions of degeneration {unknown}
 m - 5 potions of curing
 o - a potion of might {unknown}
 v - a potion of haste {unknown}


   Skills:
 + Level 6.8 Fighting
 + Level 5.4 Dodging
 - Level 1.5 Stealth
 + Level 6.1 Spellcasting


You couldn't memorise any spells.
You knew the following spells:

 Your Spells              Type           Power      Damage    Failure   Level
a - Magic Dart            Conj           100%       1d8       1%          1
b - Blink                 Tloc           58%        N/A       1%          2
c - Call Imp              Summ           29%        N/A       1%          2
d - Slow                  Hex            100%       N/A       1%          1
e - Conjure Flame         Conj/Fire      29%        6-21      2%          3
f - Mephitic Cloud        Conj/Pois/Air  29%        N/A       2%          3
g - Sandblast             Erth           58%        2d13      1%          1
h - Corpse Rot            Necr/Air       58%        N/A       1%          2
i - Dazzling Flash        Conj/Hex       58%        N/A       2%          3
j - Summon Guardian Gole  Hex/Summ       29%        N/A       2%          3
Your spell library was empty.

Dungeon Overview and Level Annotations

Branches:
Dungeon (7/15)             Temple (1/1) D:6

Altars:
Elyvilon
Fedhas
Gozag
Hepliaklqana
Kikubaaqudgha
Makhleb
Nemelex Xobeh
Okawaru
Qazlal
Ru
Sif Muna
Trog
Uskayaw
Vehumet
Wu Jian
Xom
Yredelemnul
Zin
The Shining One

Shops:
D:6 (

Annotations:
D:3 2 runed translucent doors, Antichthon's ghost, amateur NaWr
D:4 Menkaure


Innate Abilities, Weirdness & Mutations

You are immune to sickness and miasma.
You are immune to poison.
Your flesh is very heat resistant. (rF++)
You are vulnerable to cold. (rC-)
You float through the air rather than walking.
You learn spells naturally, not from books.
Your magical power is your life essence.
You have superior vitality. (+4 MHP)


Message History

Casting: Sandblast (safe; 1% risk of failure)
Confirm with . or Enter, or press ? or * to list all spells.
Okay, then.
Casting: Sandblast (safe; 1% risk of failure)
Confirm with . or Enter, or press ? or * to list all spells.
You blink.
* * * LOW HITPOINT WARNING * * *
Casting: Blink (safe; 1% risk of failure)
Confirm with . or Enter, or press ? or * to list all spells.
You are still too unstable to blink.
You feel stable enough to blink again.
Casting: Blink (safe; 1% risk of failure)
Confirm with . or Enter, or press ? or * to list all spells.
You blink.
* * * LOW HITPOINT WARNING * * *
You flicker for a moment.
Casting: Blink (safe; 1% risk of failure)
Confirm with . or Enter, or press ? or * to list all spells.
Casting: Dazzling Flash (dangerous; 2% risk of failure)
Press: ? - help, Dir - look around, f - activate The wyvern is dazzled.
* * * LOW HITPOINT WARNING * * *
You feel stable enough to blink again.
Casting: Dazzling Flash (dangerous; 2% risk of failure)
Confirm with . or Enter, or press ? or * to list all spells.
You blink.
* * * LOW HITPOINT WARNING * * *
You flicker back into view.
You feel stable enough to blink again.
You see here 2 boomerangs.
The wyvern is no longer blind.
Casting: Blink (safe; 1% risk of failure)
Confirm with . or Enter, or press ? or * to list all spells.
You blink.
* * * LOW HITPOINT WARNING * * *
The wyvern completely misses you.
Casting: Blink (safe; 1% risk of failure)
Confirm with . or Enter, or press ? or * to list all spells.
You are still too unstable to blink.
The wyvern bites you!
You die...

.#############.#.##.........##.#
.#...........#.#.##.........##.#
.#.#########.#.#(.#########.##.#
.#.# #.#.#..# #.##.# .#.#
#.#.#..# #.##.#
.#.#########.#.#..#########.##.##
..............§..................
##.###.#..##.#.#l.######.##......
#.###.##.##.##.@...## #.####....
##..#.........#......###.# #....
......................##.# #....
#####..⌠...⌠..#........#.# #.###
###.#.........#..........# #.#
.........>...............# #.###
#...#.........#..........# #....
....#..⌠...⌠..#..........# #....
#........................# ##)#.


You could see a wyvern.

Vanquished Creatures
  A water moccasin (D:5)
  An ice beast (D:7)
  2 black bears
  2 ogres
  A phantom (D:6)
  Blork the orc (D:4)
  A necrophage (D:5)
  2 howler monkeys
  2 hounds
  2 jellies
  An orc priest (D:3)
  5 orc wizards
  5 iguanas
  6 gnolls
  9 adders
  A shadow imp (D:6)
  2 ufetubi
  3 worms (D:2)
  3 dart slugs
  15 orcs
  6 ball pythons
  3 endoplasms
  3 giant cockroaches
  6 goblins
  3 hobgoblins
  4 jackals (D:2)
  11 kobolds
  5 bats
  5 frilled lizards
  7 rats
118 creatures vanquished.

Vanquished Creatures (collateral kills)
  Sigmund (D:4)
  A ball python (D:2)
  A goblin (D:2)
  2 rats (D:2)
5 creatures vanquished.

Vanquished Creatures (others)
  3 plants (D:5)
3 creatures vanquished.

Grand Total: 126 creatures vanquished

Notes
Turn   | Place    | Note
-------+----------+-------------------------------------------
     0 | D:1      | ptdevnull the Djinni Hedge Wizard began the quest for the
                  | Orb.
     0 | D:1      | Reached XP level 1. HP: 15/15 MP: 0/0
   209 | D:1      | Found a faded altar of an unknown god.
   214 | D:1      | Reached XP level 2. HP: 20/22 MP: 0/0
   246 | D:1      | Reached skill level 1 in Fighting
   905 | D:1      | Reached XP level 3. HP: 23/27 MP: 0/0
   905 | D:1      | Learned a level 1 spell: Sandblast
  1617 | D:2      | Reached XP level 4. HP: 28/33 MP: 0/0
  2368 | D:2      | Reached XP level 5. HP: 13/40 MP: 0/0
  2368 | D:2      | Learned a level 2 spell: Corpse Rot
  3700 | D:3      | Found a runed translucent door.
  3703 | D:3      | Noticed Antichthon's ghost (amateur NaWr)
  3704 | D:3      | Noticed a bullfrog
  4029 | D:3      | Found a runed translucent door.
  4078 | D:4      | Reached XP level 6. HP: 33/46 MP: 0/0
  4173 | D:4      | Noticed an ogre
  4179 | D:4      | Killed an ogre
  4454 | D:4      | Noticed Sigmund
  4460 | D:4      | Killed Sigmund
  4461 | D:4      | Reached XP level 7. HP: 46/53 MP: 0/0
  4461 | D:4      | Learned a level 3 spell: Dazzling Flash
  4545 | D:4      | Reached skill level 5 in Fighting
  4682 | D:4      | Reached skill level 5 in Spellcasting
  4878 | D:4      | Noticed Blork the orc
  4886 | D:4      | Killed Blork the orc
  4985 | D:4      | Noticed Menkaure
  5030 | D:5      | Entered Level 5 of the Dungeon
  5035 | D:5      | Reached XP level 8. HP: 49/59 MP: 0/0
  6870 | D:6      | Reached XP level 9. HP: 48/67 MP: 0/0
  6870 | D:6      | Learned a level 3 spell: Summon Guardian Golem
  7325 | D:6      | Found a staircase to the Ecumenical Temple.
  7334 | Temple   | Entered the Ecumenical Temple
  7557 | Temple   | Became a worshipper of Makhleb the Destroyer
  7632 | D:6      | Found Cicveh's Antique Weapon Boutique.
  7744 | D:6      | Identified the +8 rapier of Wealth {elec, Will+}
  8104 | D:7      | Reached skill level 5 in Dodging
  8182 | D:7      | HP: 2/67 [wyvern (16)]
  8219 | D:6      | HP: 2/67 [wyvern (11)]
  8243 | D:6      | Slain by a wyvern

Illustrated notes

Levels and vault maps discovered:
D:1:      lemuel_arrival_lava_pool, layout_loops_ring,
          hellmonk_ecumenical_altar_lost_god
D:2:      layout_loops_corners, minmay_joined_circles
D:3:      layout_loops_ring, ebering_ghost_sewer_f
D:4:      layout_basic, grunt_ministairs_7, uniq_menkaure, uniq_sigmund,
          uniq_blork_the_orc
D:5:      layout_basic, serial_bayou_pond_c
D:6:      layout_basic, minmay_temple_entry_large_hall, serial_shops,
          kennysheep_little_box, lemuel_flamethrower_2
D:7:      layout_loops_cross, gammafunk_temple_overflow_arena, minmay_bent
Temple:   mainiacjoe_temple_bowtie_tessellation

Skill      XL: |  1  2  3  4  5  6  7  8  9 |
---------------+----------------------------+-----
Fighting       | 1 2 3 4 5 6 |  6.8
Spellcasting   | 3 4 5 6 |  6.1
Dodging        | 4 5 |  5.4
Stealth        | |  1.5

Action                   |  1- 3 |  4- 6 |  7- 9 || total
-------------------------+-------+-------+-------++-------
Melee: Dagger            |     7 |    19 |    12 ||    38
 Cast: Magic Dart        |    57 |    76 |    77 ||   210
       Sandblast         |     5 |    34 |    90 ||   129
       Mephitic Cloud    |     1 |     3 |     7 ||    11
       Call Imp          |       |     4 |     3 ||     7
       Blink             |       |     1 |    14 ||    15
       Conjure Flame     |       |     1 |       ||     1
       Dazzling Flash    |       |       |     1 ||     1
       Summon Guardian G |       |       |     1 ||     1
  Use: Scroll            |     4 |     1 |       ||     5
       Potion            |       |       |     5 ||     5
 Stab: Confused          |     1 |       |       ||     1
Armor: Robe              |     2 |     6 |     5 ||    13
Dodge: Dodged            |     8 |    22 |    39 ||    69

Table legend: (Time is in decaauts)
 A = Elapsed time spent in this place.
 B = Non-inter-level travel time spent in this place.
 C = Inter-level travel time spent in this place.
 D = Time resting spent in this place.
 E = Time spent auto-exploring this place.
 F = Levels seen in this place.
 G = Mean time per level.
                   A        B        C        D        E       F      G
               +--------+--------+--------+--------+--------+-----+--------+
         Total |   8243 |   7977 |    266 |   2184 |   4751 |   8 | 1030.4 |
       Dungeon |   8002 |   7773 |    229 |   2184 |   4562 |   7 | 1143.1 |
        Temple |    240 |    203 |     37 |      0 |    189 |   1 |  240.0 |
               +--------+--------+--------+--------+--------+-----+--------+

Top non-repeatable levels by time:
     D:2: 1946 daAuts
     D:1: 1402 daAuts
     D:6: 1363 daAuts
     D:5: 1343 daAuts
     D:4: 1093 daAuts
     D:3: 724 daAuts
  Temple: 240 daAuts
     D:7: 128 daAuts
